 Dungeon Crawl Stone Soup version 0.29.1-1-gd02db6906a (webtiles) character file.

Game seed: 17538184489041924127

193 safid the Shooter (level 5, -1/67 HPs)
             Began as a Minotaur Hunter on Oct 20, 2022.
             Slain by an orc warrior
             ... wielding a +0 scimitar
              (10 damage)
             ... on level 4 of the Dungeon.
             The game lasted 00:04:53 (2516 turns).

safid the Shooter (Minotaur Hunter)                 Turns: 2516, Time: 00:04:54

Health: -1/67      AC:  5    Str: 16    XL:     5   Next: 44%
Magic:  4/4        EV: 15    Int:  6    God:
Gold:   196        SH:  5    Dex: 15    Spells: 4/4 levels left

rFire   . . .      SeeInvis .   a - +0 shortbow
rCold   . . .      Faith    .   (shield currently unavailable)
rNeg    . . .      Spirit   .   n - +0 ring mail
rPois   .          Reflect  +   (helmet restricted)
rElec   .          Harm     .   (no cloak)
rCorr   .          Rampage  .   (no gloves)
Will    .....                   (no boots)
Stlth   ..........              c - amulet of reflection
HPRegen 0.21/turn               j - +4 ring of evasion
MPRegen 0.09/turn               o - +4 ring of slaying

@: berserking, very quick
A: horns 2, retaliatory headbutt
a: no special abilities


You were on level 4 of the Dungeon.
You visited 1 branch of the dungeon, and saw 4 of its levels.

You collected 196 gold pieces.

Inventory:

Hand Weapons
 a - a +0 shortbow (weapon)
Armour
 n - a +0 ring mail (worn)
Jewellery
 c - an amulet of reflection (around neck)
 j - a +4 ring of evasion (left hand)
 o - a +4 ring of slaying (right hand)
Scrolls
 b - a scroll of immolation
 e - a scroll of butterflies {unknown}
 h - 2 scrolls of teleportation {unknown}
 i - a scroll of poison
 k - a scroll of enchant weapon {unknown}
 m - 5 scrolls of identify
 p - a scroll of enchant armour {unknown}
 s - a scroll of fear {unknown}
Potions
 d - a potion of heal wounds {unknown}
 f - a potion of flight {unknown}
 g - 2 potions of curing {unknown}
 l - 2 potions of berserk rage
 q - a potion of brilliance {unknown}
 r - a potion of cancellation {unknown}


   Skills:
 - Level 3.0 Fighting
 + Level 7.3 Ranged Weapons
 - Level 2.1 Dodging
 - Level 0.7 Stealth


You had 4 spell levels left.
You didn't know any spells.
Your spell library contained the following spells:

 Spells                   Type           Power      Damage    Failure   Level
 Blink                    Tloc           0%         N/A       82%         2
 Dazzling Flash           Conj/Hex       0%         N/A       96%         3
 Iskenderun's Mystic Bla  Conj/Tloc      0%         2d3       100%        4
 Manifold Assault         Tloc           0%         N/A       100%        5
 Starburst                Conj/Fire      0%         6d3       100%        6
 Storm Form               Tmut/Air       0%         N/A       100%        7


Dungeon Overview and Level Annotations

Branches:
Dungeon (4/15)
 Temple: D:4-7

Altars:
Sif Muna
Uskayaw
The Shining One

Shops:
D:3 =

Annotations:
D:3 1 runed translucent door, Crazy Yiuf
D:4 1 runed translucent door, gzilladon's ghost, amateur GnFi


Innate Abilities, Weirdness & Mutations

You have a pair of horns on your head.
You reflexively headbutt those who attack you in melee.


Message History

The orc barely misses you.
Really read the scroll of poison?
The air fills with toxic fumes!
As you read the scroll of poison, it crumbles to dust.
You block the orc's attack.
Unknown command.
Fire: a) +0 shortbow
Press: ? - help, Q - select action Shift-Dir - straight line, f/p - orc
Aim: an orc, wielding a +0 hand axe and wearing a +0 chain mail (73% to hit)
You shoot an arrow. The arrow closely misses the orc.
The arrow hits the orc!
You kill the orc!
You block the orc's attack.
The orc hits you with a +1 flail of protection.
Fire: a) +0 shortbow
Press: ? - help, Q - select action Shift-Dir - straight line, f - orc
Aim: an orc, wielding a +1 flail of protection and wearing a +0 leather armour (67% to hit)
You shoot an arrow.
The arrow hits the orc but does no damage.
It was a potion of berserk rage.
A red film seems to cover your vision as you go berserk!
You feel yourself moving faster!
You feel mighty!
The orc warrior unwields a +0 arbalest.
The orc warrior wields a +0 scimitar.
The orc warrior hits you with a +0 scimitar.
* * * LOW HITPOINT WARNING * * *
You are too berserk!
You are too berserk!
Unknown command.
You are too berserk!
You are too berserk!
Really attack while wielding your +0 shortbow?
You clumsily bash the orc warrior.
The orc warrior is lightly wounded.
The orc warrior hits you with a +0 scimitar!
* * * LOW HITPOINT WARNING * * *
You are too injured to fight recklessly!
You are too injured to fight recklessly!
You closely miss the orc warrior. Your headbutt misses the orc warrior.
The orc warrior is lightly wounded.
The orc warrior hits you with a +0 scimitar!
You die...

#.....##W..##..
######...##⌠##...
....##...###...#
##..#........#
#.#..........#.
#.o.#.#...#..#.
#.o............
#§######.#####.......$
#§§§☼@oo§# ##.......
########## ########


You could see an orc warrior and an orc.

Vanquished Creatures
  A phantom (D:3)
  4 gnolls (D:3)
  2 adders
  A dart slug (D:1)
  3 orcs
  4 ball pythons
  3 bats
  5 endoplasms
  3 giant cockroaches (D:1)
  4 goblins
  6 hobgoblins
  3 jackals (D:1)
  3 quokkas
  2 frilled lizards
  6 kobolds
  8 rats
58 creatures vanquished.

Vanquished Creatures (others)
  A plant (D:3)
1 creature vanquished.

Grand Total: 59 creatures vanquished

Notes
Turn   | Place    | Note
-------+----------+-------------------------------------------
     0 | D:1      | safid the Minotaur Hunter began the quest for the Orb.
     0 | D:1      | Reached XP level 1. HP: 18/18 MP: 0/0
   152 | D:1      | Reached XP level 2. HP: 13/26 MP: 1/1
   415 | D:1      | Reached skill level 5 in Ranged Weapons
   781 | D:1      | Found a faded altar of an unknown god.
   792 | D:1      | Reached XP level 3. HP: 30/31 MP: 2/2
  1605 | D:3      | Found Puefuim's Jewellery Boutique.
  1688 | D:3      | Found a shimmering blue altar of Sif Muna.
  2033 | D:3      | Found a glowing golden altar of the Shining One.
  2092 | D:3      | Noticed a phantom
  2099 | D:3      | Killed a phantom
  2100 | D:3      | Reached skill level 6 in Ranged Weapons
  2100 | D:3      | Reached XP level 4. HP: 38/38 MP: 3/3
  2100 | D:3      | Reached XP level 5. HP: 45/45 MP: 4/4
  2102 | D:3      | Found a hide-covered altar of Uskayaw.
  2175 | D:3      | Reached skill level 7 in Ranged Weapons
  2261 | D:3      | Found a runed translucent door.
  2262 | D:3      | Noticed Crazy Yiuf
  2463 | D:4      | Found a runed translucent door.
  2463 | D:4      | Noticed gzilladon's ghost (amateur GnFi)
  2490 | D:4      | Noticed an orc warrior
  2516 | D:4      | Slain by an orc warrior

Illustrated notes

Levels and vault maps discovered:
D:1:      scummos_arrival_star, layout_basic,
          chequers_ecumenical_altar_simple_redux, hex_intersection,
          minmay_pentomino_q4
D:2:      layout_basic, minmay_misc_feat_ornament
D:3:      layout_loops_ring, mainiacjoe_overflow_concentric_impassable,
          nicolae_sif_muna_condensation, tso_oasis_becter, serial_shops,
          nicolae_shop_advertising_works [nicolae_subvault_shop_adworks],
          minmay_liquid_box, uniq_crazy_yiuf_cottage
D:4:      layout_rooms, temple_doors_e, hellmonk_ghost_happy_afterlife

Skill      XL: |  1  2  3  4  5 |
---------------+----------------+-----
Fighting       | 3 |  3.0
Ranged Weapons | 5 6 7 |  7.3
Dodging        | |  2.1
Stealth        | |  0.7

Action                   |  1- 3 |  4- 6 || total
-------------------------+-------+-------++-------
Melee: Shortbow          |       |     2 ||     2
 Fire: Shortbow          |   111 |    26 ||   137
  Use: Scroll            |       |     2 ||     2
       Potion            |       |     1 ||     1
Armor: Leather armour    |     6 |       ||     6
       Ring mail         |     4 |       ||     4
Dodge: Dodged            |    24 |    14 ||    38
Block: Other             |     1 |     6 ||     7
